 Dungeon Crawl Stone Soup version 0.30-a0-782-ge64f9170bb (webtiles) character file.

Game seed: 4159960906941091067

1360 Mgcat the Covered (level 8, -4/71 HPs)
             Began as an Armataur Fighter on Feb 20, 2023.
             Was a Believer of Trog.
             Slain by a yak (11 damage)
             ... on level 6 of the Dungeon.
             The game lasted 00:07:41 (4450 turns).

Mgcat the Covered (Armataur Fighter)                Turns: 4450, Time: 00:07:41

Health: -4/71      AC: 10    Str: 23    XL:     8   Next: 37%
Magic:  7/7        EV:  6    Int:  8    God:    Trog [**....]
Gold:   358        SH:  5    Dex: 11    Spells: 7/7 levels left

rFire   + . .      SeeInvis .    a - +0 war axe
rCold   + . .      Faith    .    c - +0 buckler
rNeg    . . .      Spirit   .    s - +0 chain mail
rPois   .          Reflect  .    (no helmet)
rElec   .          Harm     .    q - +0 cloak
rCorr   .          Roll     +    (no gloves)
Will    .....                    (no barding) Stlth
                                 h - amulet of the acrobat
HPRegen 0.31/turn                k - ring of protection from cold {rC+, !d}
MPRegen 0.10/turn                (no ring)

@: weak-willed
A: large, rugged brown scales 3, deformed body, armoured tail, roll, long
tongue, awkward tongue, fangs 1, fire resistance 1, low MP 1
a: Renounce Religion, Berserk, Trog's Hand


You were on level 6 of the Dungeon.
You worshipped Trog.
Trog was pleased with you.
You visited 1 branch of the dungeon, and saw 6 of its levels.

You collected 358 gold pieces.

Inventory:

Hand Weapons
 a - a +0 war axe (weapon)
Armour
 c - a +0 buckler (worn)
 q - a +0 cloak (worn)
   (You found it on level 4 of the Dungeon)
 s - a +0 chain mail (worn)
   (You took it off an orc warrior on level 5 of the Dungeon)
Jewellery
 h - an amulet of the acrobat (around neck)
   (You found it on level 1 of the Dungeon)
 k - a ring of protection from cold (left hand) {rC+, !d}
   (You found it on level 1 of the Dungeon)
Wands
 j - a wand of iceblast (12)
   (You found it on level 4 of the Dungeon)
Scrolls
 d - 2 scrolls of teleportation {unknown}
 e - 6 scrolls of identify
 g - a scroll of noise {!r}
 m - 2 scrolls of magic mapping {unknown}
 n - a scroll of enchant weapon {unknown}
 o - 2 scrolls of butterflies {unknown}
 p - 2 scrolls of vulnerability {!r!r}
 r - a scroll of blinking {unknown}
Potions
 f - 3 potions of flight
 i - a potion of mutation {!q}
 l - 5 potions of curing {unknown}


   Skills:
 + Level 4.9 Fighting
 * Level 5.6 Axes
 + Level 6.5 Armour
 + Level 6.0 Shields


You had 7 spell levels left.
You didn't know any spells.
Your spell library contained the following spells:

 Spells                   Type           Power      Damage    Failure   Level
 Vhi's Electric Charge    Tloc/Air       0%         N/A       100%        3
 Arcjolt                  Conj/Air       0%         1d10      100%        5
 Maxwell's Capacitive Co  Air            0%         ∞         100%        8


Dungeon Overview and Level Annotations

Branches:
Dungeon (6/15)             Temple (0/1) D:5

Altars:
Trog

Annotations:
D:4 3 runed translucent doors, Barriton's ghost, amateur DrCj; Charly's ghost, amateur MiGl; GrimJard's ghost, amateur DrCj; clease's ghost, weakling DsGl


Innate Abilities, Weirdness & Mutations

You are completely covered in rugged brown scales. (AC +3, +7% HP)
Armour fits poorly on your strangely shaped body.
You have a long armoured tail.
You roll when moving toward enemies. (Rampage)
Your long tongue fully drains potion bottles. (2x potion effects)
Your tongue gives you trouble enunciating. (1.5x scroll delay)
You have very sharp teeth.
Your flesh is heat resistant. (rF+)
Your magical capacity is low. (-10% MP)


Message History

You kill the orc!
Trog accepts your kill.
You slash the orc!
You kill the orc!
Trog accepts your kill.
You hit something.
You hear some strange, mumbled words.
You are confused.
Warning x3: The yak can hit for moderate damage in melee! x3
You are too confused!
You are too confused!
You are too confused!
You are too confused!
You are too confused!
You are too confused!
Warning x3: The yak can hit for moderate damage in melee! x3
Something closely misses you.
A yak comes into view.
Things that are here:
a +0 falchion; a +0 ring mail of fire resistance; an orc corpse Danger x4: yak x4!
You are too confused!
You are too confused!
You are too confused!
You slash the yak!
Your tail-slap misses the yak.
The yak is moderately wounded.
You miss something. Something hits you but does no damage.
A necrophage comes into view.
The yak gores you but does no damage. The yak gores you!
Something hits you but does no damage.
You take 7 damage, and have 63/71 hp.
Danger x4: yak x4!
You are too confused!
You are too confused!
You bump into the rock wall.
Something hits you but does no damage.
You are too confused!
You bump into the rock wall.
Something hits you.
You take 1 damage, and have 63/71 hp.
Danger x4: yak x4!
You are too confused!
You barely miss the yak.
Your tail-slap misses the yak.
The yak is moderately wounded.
You closely miss the yak. You hit something but do no damage.
The yak gores you. The yak gores you but does no damage. Something hits you.
You take 7 damage, and have 56/71 hp.
Danger x4: yak x4!
You are too confused!
You are too confused!
You bump into the rock wall.
The yak closely misses you. Something hits you but does no damage.
The yak gores you.
You take 4 damage, and have 52/71 hp.
You are too injured to fight recklessly!
Danger x4: yak x4!
You miss something. You barely miss the yak. You hit the yak.
You feel less confused. Something hits you but does no damage.
The yak gores you! x2
You take 17 damage, and have 35/71 hp.
MASSIVE DAMAGE!!
You are too injured to fight recklessly!
You hit the yak but do no damage. You barely miss something. You hit the yak.
You block the yak's attack. Something hits you but does no damage.
The yak barely misses you.
Danger x4: yak x4!
You are too injured to fight recklessly!
You are too injured to fight recklessly!
You are too injured to fight recklessly!
You are too injured to fight recklessly!
You hit something.
Your tail-slap misses something.
Your bite misses something. You hit the yak. You barely miss the yak.
You slash the yak! You block the yak's attack.
You hear some strange, mumbled words.
A puff of flame appears from out of thin air!
The puff of flame hits you. You resist. The yak gores you.
You block the yak's attack. The yak gores you but does no damage.
You block the yak's attack. Something hits you. The yak gores you!
You take 13 damage, and have 22/71 hp.
Danger x4: yak x4!
You are too injured to fight recklessly!
You are too injured to fight recklessly!
Something unexpectedly blocked you, preventing you from rolling!
You slash something! Your bite misses something.
You hit the yak but do no damage. You hit the yak.
You hit the yak but do no damage. The yak gores you.
* * * LOW HITPOINT WARNING * * *
Something hits you but does no damage. The yak gores you.
* * * LOW HITPOINT WARNING * * *
You block the yak's attack.
You take 11 damage, and have 11/71 hp.
Danger x4: yak x4!
Okay, then.
Unknown command.
Unknown command.
Unknown command.
As you slowly read the scroll labelled IVONOE NAUB, it crumbles to dust.
Magic quickly surges around you.
It was a scroll of vulnerability.
The yak gores you.
* * * LOW HITPOINT WARNING * * *
You hear some strange, mumbled words.
Something tries to affect you, but you resist.
The yak barely misses you. The yak gores you!
You die...

.. ....
.....############
.....YY@)......$#
......Y{Y..<....#
.......n........#
...............)#
................#
+################


You could see 4 yaks and a necrophage (weak-willed).

Vanquished Creatures
  Eustachio (D:4)
  A yak (D:5)
  An orc warrior (D:5)
  An ice beast (D:5)
  An ogre (D:5)
  A centaur (D:5)
  A phantom (D:5)
  A scorpion (D:5)
  2 jellies
  A howler monkey (D:5)
  3 hounds (D:5)
  3 orc priests
  3 iguanas
  An orc wizard (D:5)
  Terence (D:3)
  A mummy (D:4)
  2 gnolls
  3 adders
  A shadow imp (D:5)
  2 ufetubi
  A dart slug (D:5)
  14 orcs
  9 endoplasms
  4 giant cockroaches
  2 goblins
  10 hobgoblins
  12 jackals
  5 quokkas
  6 ball pythons
  5 bats
  6 frilled lizards
  A goblin zombie (D:4)
  A hobgoblin zombie (D:4)
  4 kobolds
  4 rats
115 creatures vanquished.

Vanquished Creatures (others)
  A fungus (D:3)
1 creature vanquished.

Grand Total: 116 creatures vanquished

Notes
Turn   | Place    | Note
-------+----------+-------------------------------------------
     0 | D:1      | Mgcat the Armataur Fighter began the quest for the Orb.
     0 | D:1      | Reached XP level 1. HP: 19/19 MP: 1/1
   136 | D:1      | Reached XP level 2. HP: 26/26 MP: 2/2
   229 | D:1      | Reached skill level 2 in Axes
   620 | D:2      | Reached XP level 3. HP: 32/32 MP: 3/3
   799 | D:2      | Reached skill level 3 in Fighting
   799 | D:2      | Reached skill level 4 in Armour
  1076 | D:3      | Found a bloodstained altar of Trog.
  1108 | D:3      | Became a worshipper of Trog the Wrathful
  1410 | D:3      | Noticed Terence
  1418 | D:3      | Killed Terence
  1419 | D:3      | Reached XP level 4. HP: 22/40 MP: 4/4
  1655 | D:3      | Found a faded altar of an unknown god.
  1897 | D:4      | Noticed Eustachio
  1937 | D:4      | Killed Eustachio
  1938 | D:4      | Reached skill level 3 in Axes
  1938 | D:4      | Reached skill level 4 in Shields
  1938 | D:4      | Reached XP level 5. HP: 48/48 MP: 5/5
  2290 | D:4      | Reached * piety under Trog
  2291 | D:4      | Reached XP level 6. HP: 44/55 MP: 6/6
  2493 | D:4      | Reached skill level 5 in Armour
  2534 | D:4      | Found a sand-covered staircase.
  2603 | D:4      | Found a runed translucent gate.
  2603 | D:4      | Found a runed translucent gate.
  2604 | D:4      | Found a runed translucent gate.
  2604 | D:4      | Noticed Charly's ghost (amateur MiGl)
  2604 | D:4      | Noticed Barriton's ghost (amateur DrCj)
  2604 | D:4      | Noticed clease's ghost (weakling DsGl)
  2605 | D:4      | Noticed GrimJard's ghost (amateur DrCj)
  2991 | D:5      | Entered Level 5 of the Dungeon
  3221 | D:5      | Reached skill level 4 in Axes
  3403 | D:5      | Noticed an orc warrior
  3407 | D:5      | Reached skill level 4 in Fighting
  3407 | D:5      | Reached XP level 7. HP: 56/63 MP: 7/7
  3412 | D:5      | Reached skill level 5 in Shields
  3418 | D:5      | Noticed a yak
  3429 | D:5      | Killed a yak
  3434 | D:5      | HP: 12/96 [ogre/+0 giant spiked club (15)]
  3436 | D:5      | Reached skill level 5 in Axes
  3436 | D:5      | Reached skill level 6 in Armour
  3440 | D:5      | HP: 7/64 [howler monkey (3)]
  3443 | D:5      | Gained mutation: You occasionally shout uncontrollably at
                  | your foes. [potion of mutation]
  3443 | D:5      | Gained mutation: You are clumsy. (Dex -2) [potion of
                  | mutation]
  3443 | D:5      | Gained mutation: You have sharp toenails. [potion of
                  | mutation]
  3443 | D:5      | Gained mutation: Your spells are a little harder to cast,
                  | but a little more powerful. [potion of mutation]
  3443 | D:5      | Gained mutation: Your muscles are strong. (Str +4, Int/Dex
                  | -1) [potion of mutation]
  3443 | D:5      | HP: 3/64 [howler monkey (3)]
  3444 | D:5      | HP: 1/64 [howler monkey (2)]
  3708 | D:5      | Reached XP level 8. HP: 62/71 MP: 8/8
  3773 | D:5      | Reached ** piety under Trog
  3878 | D:5      | Found a staircase to the Ecumenical Temple.
  4227 | D:5      | Reached skill level 6 in Shields
  4345 | D:5      | Lost mutation: You are clumsy. (Dex -2) [potion of
                  | mutation]
  4345 | D:5      | Lost mutation: You occasionally shout uncontrollably at
                  | your foes. [potion of mutation]
  4345 | D:5      | Lost mutation: Your spells are a little harder to cast, but
                  | a little more powerful. [potion of mutation]
  4345 | D:5      | Lost mutation: Your muscles are strong. (Str +4, Int/Dex
                  | -1) [potion of mutation]
  4345 | D:5      | Lost mutation: You have sharp toenails. [potion of
                  | mutation]
  4345 | D:5      | Gained mutation: You are dopey. (Int -2) [potion of
                  | mutation]
  4345 | D:5      | Gained mutation: You have hidden genetic defects. [potion
                  | of mutation]
  4345 | D:5      | Gained mutation: You have large cloven feet. [potion of
                  | mutation]
  4346 | D:5      | Lost mutation: You are dopey. (Int -2) [potion of mutation]
  4346 | D:5      | Lost mutation: You have large cloven feet. [potion of
                  | mutation]
  4346 | D:5      | Lost mutation: You have hidden genetic defects. [potion of
                  | mutation]
  4346 | D:5      | Gained mutation: Your flesh is heat resistant. (rF+)
                  | [potion of mutation]
  4346 | D:5      | Gained mutation: You have very sharp teeth. [potion of
                  | mutation]
  4346 | D:5      | Gained mutation: Your magical capacity is low. (-10% MP)
                  | [potion of mutation]
  4346 | D:5      | Lost mutation: Your flesh is heat resistant. (rF+) [potion
                  | of mutation]
  4346 | D:5      | Gained mutation: Your flesh is heat resistant. (rF+)
                  | [potion of mutation]
  4449 | D:6      | HP: 16/71 [yak (6)]
  4450 | D:6      | HP: 7/71 [yak (5)]
  4450 | D:6      | Slain by a yak

Illustrated notes

Levels and vault maps discovered:
D:1:      minmay_arrival_arboretum_small, layout_basic, serial_rivers,
          chequers_serial_rivers_micro_a, chequers_serial_rivers_large_a,
          chequers_serial_rivers_micro_c, chequers_serial_rivers_micro_b,
          chequers_serial_rivers_micro_e
D:2:      layout_rooms
D:3:      layout_basic, trog_book, shapermc_ecumenical_altar_mp_urbaneastern,
          uniq_terence
D:4:      layout_loops_corners, nicolae_ossuary_entry_giza,
          gammafunk_ghost_cemetery, minmay_pentangle, uniq_eustachio
D:5:      layout_basic, minmay_temple_entry_junction, nzn_random_ring
D:6:      kennysheep_housing_project, layout_basic, serial_shops, shop,
          minmay_misc_feat_columns

Skill      XL: |  1  2  3  4  5  6  7  8 |
---------------+-------------------------+-----
Axes           | 2 3 4 5 |  5.6
Fighting       | 3 4 |  4.9
Armour         | 4 5 6 |  6.5
Shields        | 4 5 6 |  6.0

Action                     |  1- 3 |  4- 6 |  7- 9 || total
---------------------------+-------+-------+-------++-------
  Melee: War axe           |   124 |   135 |   100 ||   359
         Tailslap          |    18 |    15 |    10 ||    43
         Kick              |       |       |    20 ||    20
         Bite              |       |       |     1 ||     1
 Invoke: Berserk           |       |       |     2 ||     2
    Use: Potion            |     1 |     1 |     4 ||     6
         Scroll            |       |     4 |     1 ||     5
 Armour: Scale mail        |    69 |    65 |    33 ||   167
         Chain mail        |       |       |    12 ||    12
  Dodge: Dodged            |    49 |    54 |    35 ||   138
  Block: Buckler           |    40 |    23 |    31 ||    94

Table legend: (Time is in decaauts)
 A = Elapsed time spent in this place.
 B = Non-inter-level travel time spent in this place.
 C = Inter-level travel time spent in this place.
 D = Time resting spent in this place.
 E = Time spent auto-exploring this place.
 F = Levels seen in this place.
 G = Mean time per level.
                   A        B        C        D        E       F      G
               +--------+--------+--------+--------+--------+-----+--------+
         Total |   4584 |   4426 |    158 |    406 |   3233 |   6 |  764.0 |
       Dungeon |   4584 |   4426 |    158 |    406 |   3233 |   6 |  764.0 |
               +--------+--------+--------+--------+--------+-----+--------+

Top non-repeatable levels by time:
     D:5: 1349 daAuts
     D:4: 1304 daAuts
     D:3: 991 daAuts
     D:2: 493 daAuts
     D:1: 426 daAuts
     D:6: 19 daAuts

Table legend:
 A = Kills in this place as a percentage of kills in entire the game.
 B = Kills by you in this place as a percentage of kills by you in the entire game.
 C = Kills by friends in this place as a percentage of kills by friends in the entire game.
 D = Other kills in this place as a percentage of other kills in the entire game.
 E = Experience gained in this place as a percentage of experience gained in the entire game.
 F = Experience gained in this place divided by the number of levels of this place that you have seen.
                   A       B       C       D       E      F
               +-------+-------+-------+-------+-------+----------------------
         Total | 100.0 | 100.0 |   N/A |   N/A | 100.0 | 323.8
       Dungeon | 100.0 | 100.0 |   N/A |   N/A | 100.0 | 323.8
               +-------+-------+-------+-------+-------+----------------------
